 Dungeon Crawl Stone Soup version 0.25-a0-322-g3677130cb1 (webtiles) character file.

Game seed: 9341185003086773831, levelgen mode: deterministic

53 Error4North the Covered (level 3, 0/33 HPs)
             Began as a Hill Orc Fighter on Dec 27, 2019.
             Succumbed to an adder's poison
             ... on level 3 of the Dungeon.
             The game lasted 00:04:13 (1303 turns).

Error4North the Covered (Hill Orc Fighter)          Turns: 1303, Time: 00:04:14

Health: 0/33       AC:  8    Str: 19    XL:     3   Next: 87%
Magic:  3/3        EV:  7    Int:  8    God:
Gold:   54         SH:  9    Dex: 10    Spells: 2/2 levels left

rFire    . . .     SeeInvis .   a - +0 war axe
rCold    . . .     Gourm    .   c - +0 shield
rNeg     . . .     Faith    .   b - +0 scale mail
rPois    .         Spirit   +   (no helmet)
rElec    .         Reflect  .   o - scarf {Spirit}
rCorr    .         Harm     .   m - +0 pair of gloves
MR       .....                  (no boots)
Stlth    ..........             (no amulet)
HPRegen  0.11/turn              (no ring)
MPRegen  0.08/turn              (no ring)

@: lethally poisoned (0 -> -5), berserk cooldown, slowed, very slow
A: no striking features
a: no special abilities


You were on level 3 of the Dungeon.
You were hungry.

You visited 1 branch of the dungeon, and saw 3 of its levels.

You collected 54 gold pieces.

Inventory:

Hand Weapons
 a - a +0 war axe (weapon)
Missiles
 q - 19 stones (quivered)
 u - 3 boomerangs
 x - 24 sling bullets
Armour
 b - a +0 scale mail (worn)
 c - a +0 shield (worn)
 m - a +0 pair of gloves (worn)
 o - a scarf of spirit shield (worn)
Jewellery
 p - a cursed ring of teleportation {unknown}
 s - a +2 ring of evasion {unknown}
Scrolls
 g - 6 scrolls of identify {unknown}
 h - a scroll of enchant weapon {unknown}
 i - a scroll of blinking {unknown}
 j - a scroll of amnesia {unknown}
Potions
 d - 2 potions of might
 e - a potion of heal wounds {unknown}
 k - a potion of agility {unknown}
 l - a potion of cancellation
 n - 2 potions of curing {unknown}
 t - a potion of invisibility {unknown}
 v - a potion of resistance {unknown}
Comestibles
 f - 5 rations
 r - 4 chunks of flesh


   Skills:
 + Level 3.9 Fighting
 + Level 2.9 Axes
 * Level 4.0 Armour
 + Level 0.8 Dodging
 * Level 3.8 Shields
 * Level 0.3 Spellcasting


You had 2 spell levels left.
You didn't know any spells.
Your spell library was empty.

Dungeon Overview and Level Annotations

Branches:
Dungeon (3/15)

Altars:
Nemelex Xobeh
Uskayaw


Message History

r - 4 chunks of flesh (gained 1) It was a potion of cancellation.
You feel magically purged.
* * * LOW HITPOINT WARNING * * *
You feel sick.
It was a potion of berserk rage.
A red film seems to cover your vision as you go berserk!
You feel yourself moving faster!
You feel mighty!
* * * LOW HITPOINT WARNING * * *
You feel sick.
You are too berserk!
You feel a strong urge to attack something.
There is an open door here.
You feel your anger nearly subside.
* * * LOW HITPOINT WARNING * * *
You feel sick.
You are no longer berserk.
You are exhausted.
You feel yourself slow down.
You are feeling hungry.
You die...

##.#.####.# #.# ##.## #(#
#.###### #.#
#.####.##.... ###.#
##........)...
#####..#####.......##.###
#.....##...##########.# #
##...##.....## #.# #
#...#.......# #.# #
+...'..@.(..# #.# #
#.รท.#.....?.# #.# #
#...##.....## ..# #
#...###...## #...# #####
#...# # #...# # #...# #
+...+ #


There were no monsters in sight!

Vanquished Creatures
  2 adders (D:3)
  A worm (D:2)
  A dart slug (D:1)
  A leopard gecko (D:2)
  An orc (D:3)
  A giant cockroach (D:2)
  3 hobgoblins
  4 bats
  2 frilled lizards (D:2)
  3 goblins
  5 kobolds
  7 rats
31 creatures vanquished.

Notes
Turn   | Place    | Note
-------+----------+-------------------------------------------
     0 | D:1      | Error4North the Hill Orc Fighter began the quest for the
                  | Orb.
     0 | D:1      | Reached XP level 1. HP: 19/19 MP: 1/1
   123 | D:1      | Found a sparkling altar of Nemelex Xobeh.
   233 | D:1      | Reached XP level 2. HP: 27/27 MP: 2/2
   806 | D:2      | Reached XP level 3. HP: 33/33 MP: 3/3
  1216 | D:3      | Noticed a +0 dagger
  1225 | D:3      | Found a hide-covered altar of Uskayaw.
  1225 | D:3      | Noticed a +0 dagger
  1293 | D:3      | Reached skill level 4 in Armour
  1298 | D:3      | HP: 2/49 [poisoned by an adder]
  1303 | D:3      | Succumbed to an adder's poison

Levels and vault maps discovered:
D:1:      ncdulo_watergridlock, layout_rooms, kennysheep_crisscross,
          nemelex_altar_shiori
D:2:      layout_basic, first_ration
D:3:      kennysheep_six_static_rooms, layout_loops_ring,
          dancing_weapons_uskayaw, nicolae_overflow_crystal_walls

Skill      XL: |  1  2  3 |
---------------+----------+-----
Armour         | 4 |  4.0
Fighting       | |  3.9
Axes           | |  2.9
Dodging        | |  0.8
Shields        | |  3.8
Spellcasting   | |  0.3

Action                   || total
-------------------------++-------
Melee: War axe           ||   111
  Use: Potion            ||     2
  Eat: Chunk             ||     1
Armor: Scale mail        ||    55
Dodge: Dodged            ||    45
Block: Shield            ||    52

Table legend:
 A = Non-vault XP
 B = Vault XP
 C = Vault XP percentage of total XP
 D = Non-vault monster count
 E = Vault monster count
 F = Vault count percentage of total count
                 A         B        C        D         E       F
            +---------+---------+-------+---------+---------+-------
      Total |      63 |      13 |  17.1 |      30 |       1 |   3.2
            +---------+---------+-------+---------+---------+-------
        D:1 |      11 |       0 |   0.0 |       6 |       0 |   0.0
        D:2 |      28 |       0 |   0.0 |      16 |       0 |   0.0
        D:3 |      24 |      13 |  35.1 |       8 |       1 |  11.1
            +---------+---------+-------+---------+---------+-------
